Cogmind - Beta 13 @@@ ROGUE MODE // 2024.04.02 @ 00:45:55 Player: XELQUA Result: Destroyed by G-34 Mercenary with Small Laser Performance ------------- Evolutions (0) 0 Regions Visited (1) 200 Robots Destroyed (8) 40 Value Destroyed (158) 158 Prototype IDs (0) 0 Alien Tech Used (0) 0 Bonus (0) 0 TOTAL SCORE: 398 Bonus ------- None Cogmind --------- Core Integrity 0/250 Matter 253/300 Energy 99/100 System Corruption 0% Temperature Cool (6) Movement Core (50) Location -10/Materials Parts ------- > --- POWER (1) -------- (None) > --- PROPULSION (2) --- (None) > --- UTILITY (2) ------ (None) > --- WEAPON (2) ------- (None) > --- INVENTORY (5) ---- Heat Sink Structural Scanner Peak State ------------ > --- POWER ------------ Light Ion Engine > --- PROPULSION ------- Aluminum Leg Aluminum Leg > --- UTILITY ---------- Heat Sink Seismic Detector > --- WEAPON ----------- Medium Laser Mining Laser > --- INVENTORY -------- Light Ion Engine Aluminum Leg Medium Laser Mining Laser [Rating: 7] Favorites ----------- Power Light Ion Engine Engine Light Ion Engine Propulsion Aluminum Leg Leg Aluminum Leg Utility Heat Sink Device Heat Sink Protection Light Armor Plating Weapon Mining Laser Energy Gun Medium Laser Special Weapon Mining Laser Build | -11 -10 ------- Run | Yrd Mat Slots Evolved . | . . Power . | . . Propulsion . | . . Utility . | . . Weapon . | . . Parts Attached 23 | 13 10 Power 3 | 1 2 Engine 3 | 1 2 Core . | . . Reactor . | . . Propulsion 4 | 2 2 Treads . | . . Leg 4 | 2 2 Wheel . | . . Hover . | . . Flight . | . . Utility 5 | 2 3 Device 3 | 2 1 Storage . | . . Processor . | . . Hackware . | . . Protection 2 | . 2 Artifact . | . . Weapon 11 | 8 3 Energy Gun 7 | 5 2 Energy Cannon . | . . Ballistic Gun . | . . Ballistic Cannon . | . . Launcher . | . . Special Weapon 4 | 3 1 Impact Weapon . | . . Slashing Weapon . | . . Piercing Weapon . | . . Special Melee Weapon . | . . Unidentified Prototypes . | . . Parts Lost 10 | . 10 Power 2 | . 2 Propulsion 3 | . 3 Utility 2 | . 2 Weapon 3 | . 3 Highest Loss Streak 10 | . 10 To Critical Strikes . | . . Average Slot Usage (%) 90 | . 90 Engine 12 | . 12 Leg 27 | . 27 Device 14 | . 14 Protection 9 | . 9 Energy Gun 25 | . 25 Naked Turns 1 | . 1 Heaviest Build 11 | 9 11 Greatest Support 20 | 20 20 Greatest Overweight (x) . | . . Average Overweight (x) . | . . Largest Inventory Capacity 5 | 5 5 Average Capacity 5 | 5 5 Most Carried 5 | 5 5 Average Carried 3 | 3 4 Final Capacity 5 | 5 5 Final Carried 4 | 4 2 Class Distribution -------------------- 100% | Mutant Dominant Class ---------------- Mutant | -10/Materials Resources | -11 -10 ----------- Run | Yrd Mat Matter Collected 333 | 262 71 Remotely . | . . Salvage Created 238 | 107 131 Parts 18 | 12 6 Haulers Intercepted . | . . Recyclers Shooed . | . . Parts Field Recycled . | . . Retrieved Matter . | . . Parts Self-Destructed . | . . Prevented . | . . Kills | -11 -10 ------- Run | Yrd Mat Combat Hostiles Destroyed 4 | 1 3 Guns 4 | 1 3 Classes Destroyed 3 | 3 . Worker 1 | 1 . Tunneler 3 | 3 . Grunt 4 | 1 3 Best Kill Streak 3 | 3 2 Combat Bots Only 2 | 1 2 Max Kills in Single Turn 1 | 1 1 Gunslinging . | . . Exploded . | . . Melee . | . . Uniques/NPCs Destroyed . | . . Combat | -11 -10 -------- Run | Yrd Mat Hostile Shots Fired 91 | 4 87 Missed 20 | 1 19 Damage Taken 861 | 32 829 Core 260 | . 260 Absorbed by Shields . | . . Core Remaining (%) 100 | 100 . Volleys Fired 71 | 54 17 Largest 2 | 2 2 Hottest 150 | 150 100 Shots Fired 90 | 62 28 Gun 46 | 18 28 Cannon . | . . Launcher . | . . Special 44 | 44 . Kinetic . | . . Thermal 76 | 55 21 Explosive . | . . Electromagnetic 14 | 7 7 Robot Hit Streak 10 | 4 10 Robot Miss Streak 2 | 2 1 Penetration Max . | . . Secondary Targets . | . . Shots Hit Robots 31 | 10 21 Core Hits 14 | 5 9 Critical Kills . | . . Critical Parts Destroyed . | . . Critical Strikes 2 | . 2 Burn 2 | . 2 Melee Attacks . | . . Impact . | . . Slashing . | . . Piercing . | . . Sneak Attacks . | . . Combat Hostiles . | . . Follow-up Attacks . | . . Damage Inflicted 474 | 168 306 Guns 400 | 122 278 Cannons . | . . Explosions 74 | 46 28 Melee . | . . Ramming . | . . Kinetic . | . . Thermal 328 | 98 230 Explosive . | . . Electromagnetic 146 | 70 76 Impact . | . . Slashing . | . . Piercing . | . . Highest Corruption . | . . Average Corruption . | . . Corruption Purged . | . . Corruption Blocked . | . . Overload Shots . | . . Overflow Damage 36 | 24 12 Projectiles . | . . Explosions 36 | 24 12 Melee . | . . Knockbacks . | . . Impact . | . . Kinetic . | . . Secondary . | . . Self-Inflicted Damage 26 | . 26 Shots 1 | . 1 Rammed . | . . Targets Rammed . | . . Kicked . | . . Crushed . | . . Highest Temperature 299 | 90 299 Average Temperature 127 | 44 149 Received Heat Transfer 498 | 18 480 Effects 2 | . 2 Interference 2 | . 2 Siege Activations . | . . Robots Corrupted . | . . Combat Hostiles . | . . Parts Fried . | . . Impact Corruptions . | . . Robots Melted . | . . Combat Hostiles . | . . Parts Melted 1 | . 1 Heat Transferred 988 | 198 790 Parts Sabotaged . | . . Parts Stolen . | . . Parts Stripped . | . . Power Chain Reactions 2 | 1 1 Alert | -11 -10 ------- Run | Yrd Mat Peak Influence 120 | 41 120 Initial . | . . Average 34 | 25 50 Maximum Alert Level . | . . Low Security (%) 100 | 100 100 Level 1 . | . . Level 2 . | . . Level 3 . | . . Level 4 . | . . Level 5 . | . . High Security . | . . Max Security . | . . Squads Dispatched 4 | . 4 Investigation 2 | . 2 Extermination . | . . Reinforcement 2 | . 2 Assault . | . . Garrison . | . . Intercept . | . . Searches Triggered . | . . Construction Impeded . | . . Haulers Reinforced . | . . Active Scanning Responses . | . . Cargo Convoy Interrupts . | . . Stealth | -11 -10 --------- Run | Yrd Mat Distress Signals 1 | . 1 Communications Jammed . | . . Distress Signals . | . . Times Spotted 13 | 1 12 Peak Tracking Total 7 | 1 7 Tactical Retreats 1 | . 1 Traps | -11 -10 ------- Run | Yrd Mat Traps Triggered 2 | . 2 Indirectly . | . . Trap Hack Attempts . | . . Triggered . | . . Disarmed . | . . Reprogrammed . | . . Reused . | . . Traps Extracted . | . . Installed . | . . Triggered . | . . Machines | -11 -10 ---------- Run | Yrd Mat Machines Disabled . | . . Max in Single Turn . | . . Machines Repaired . | . . Machines Dismantled . | . . Machines Sabotaged . | . . Overloaded Fab Kills . | . . Hacking | -11 -10 --------- Run | Yrd Mat Machines Accessed 4 | . 4 Terminals 3 | . 3 Fabricators . | . . Repair Stations . | . . Recycling Units 1 | . 1 Scanalyzers . | . . Garrison Access . | . . Total Hacks 11 | . 11 Successful 3 | . 3 Failed 8 | . 8 Catastrophic 1 | . 1 Database Lockouts . | . . Manual 1 | . 1 Terminals 7 | . 7 Fabricators . | . . Repair Stations . | . . Recycling Units 4 | . 4 Scanalyzers . | . . Garrison Access . | . . Terminal Hacks 2 | . 2 Alert Level 1 | . 1 Hauler Manifests 1 | . 1 Fabricator Hacks . | . . Repair Station Hacks . | . . Recycling Unit Hacks 1 | . 1 Report Inventory 1 | . 1 Scanalyzer . | . . Garrison Access Hacks . | . . Unauthorized Hacks . | . . Terminals . | . . Fabricators . | . . Repair Stations . | . . Recycling Units . | . . Scanalyzers . | . . Garrison Access . | . . Data Cores Recovered . | . . Used . | . . Hacking Detections 4 | . 4 Full Trace Events 2 | . 2 Feedback Events . | . . Feedback Blocked . | . . Robot Schematics Acquired . | . . Robots Built . | . . Authchips . | . . Time . | . . Total Robot Build Rating . | . . Part Schematics Acquired . | . . Parts Built . | . . Authchips . | . . Time . | . . Total Part Build Rating . | . . Parts Repaired . | . . Time . | . . Parts Recycled . | . . Recycled Matter . | . . Retrieved Matter . | . . Retrieved Components . | . . Parts Scanalyzed . | . . Part Schematics Acquired . | . . Parts Damaged . | . . Bothacking | -11 -10 ------------ Run | Yrd Mat Used RIF Installer . | . . Robots Hacked . | . . Non-combat . | . . Combat . | . . Robot Hacks Applied . | . . Relay Couplers Released . | . . Fabnet Peak Effective % . | . . Robots Rewired . | . . Allies Hacked . | . . Hacks Repelled . | . . Allies | -11 -10 -------- Run | Yrd Mat Total Allies . | . . Largest Group . | . . Highest-Rated Group . | . . Highest-Rated Ally . | . . Total Orders . | . . Ally Attacks . | . . Total Damage . | . . Kills . | . . Allies Corrupted . | . . Allies Melted . | . . Intel | -11 -10 ------- Run | Yrd Mat Robot Analysis Total . | . . Derelict Logs Recovered . | . . Drone Launches . | . . Drone Recoveries . | . . Exploration | -11 -10 ------------- Run | Yrd Mat Turns Passed 804 | 499 305 Spaces Moved 431 | 229 202 Core 17 | 15 2 Treads . | . . Legs 414 | 214 200 Wheels . | . . Hover . | . . Flight . | . . Fastest Speed 50 | 50 50 Average Speed 117 | 115 119 Slowest Speed 120 | 120 120 Overloaded Moves . | . . Propulsion Burnouts . | . . Robots Hopped . | . . Cave-ins Triggered . | . . Exploration Rate (%) 24 | 9 39 Regions Visited 1 Branch Regions . Pre-discovered Areas . | . . Known Exits Taken . | . . Unknown Exits Taken 1 | 1 . Scrap Searched . | . . Spaces Dug 6 | 6 . Terrain Destroyed 17 | 14 3 Melee . | . . Projectile 10 | 10 . AOE 7 | 4 3 Terrain Rammed . | . . Walls Destroyed . | . . Machines Disabled . | . . Actions | -11 -10 --------- Run | Yrd Mat Total 549 | 312 237 Wait . | . . Move 430 | 228 202 Hop . | . . Pick Up 21 | 14 7 Fast Attach . | . . Attach 16 | 8 8 Detach . | . . Swap 7 | 5 2 Drop 4 | 3 1 Fire 71 | 54 17 Melee . | . . Ram . | . . Kick . | . . Crush . | . . Escape Stasis . | . . Rewire . | . . Trap . | . . Miscellaneous . | . . Route ------- -11/Scrapyard -10/Materials (discovered 2 exits: [*Min x2]) History --------- Turn | Location | Event 2 | -11/Scrapyard | Met Revision 17 75 | -11/Scrapyard | Discovered new exit (range 8) 500 | -11/Scrapyard | Entered Materials 530 | -10/Materials | Build established: Mutant 565 | -10/Materials | Discovered new exit (range 10) 771 | -10/Materials | Discovered new exit (range 12) 782 | -10/Materials | Core integrity fell below 50% 798 | -10/Materials | Core integrity fell below 20% 805 | -10/Materials | Destroyed by G-34 Mercenary with Small Laser Last Messages --------------- 00782_ R-06 Scavenger collects Lgt. Ion Engine. 00783_ Lgt. Ion Engine destroyed. 00783_ Sensor Array destroyed. 00785_ K-01 Serf collects debris. 00786_ R-06 Scavenger collects Wheel. 00788_ Med. Laser destroyed. 00788_ U-05 Engineer lays Concrete. 00789_ K-01 Serf collects debris. 00789_ Mining Laser destroyed. 00790_ R-06 Scavenger collects Terrain Scan Processor. 00790_ U-05 Engineer lays Concrete. 00791_ U-05 Engineer builds a Wall. 00792_ Lgt. Armor Plating destroyed. 00792_ Critical hit (Burn: +37). 00793_ Aluminum Leg destroyed. 00793_ R-06 Scavenger collects Wheel. 00794_ K-01 Serf collects debris. 00804_ Aluminum Leg destroyed. 00804_ R-06 Scavenger collects Wheel. Map ----- +----------------------------------------------------+ | ?????????????????????????????????????????????????? | | ?????????????????????????????????????????????????? | | ?????????????????????????????????????????????????? | | ?????????????????????????????????????????????????? | | ??????????????????????? ???????????????????????? | | ??????????????????????? ???????????????????????? | | ??????????????????????? #??????????????????????? | | ??????????????????????# #??????????????????????? | | ??????????????????????# ??????????????????????? | | ??????????????????????# ??????????????????????? | | ###########???????##### """????????????????????? | | # = #???????# # """ ??????????????????? | | # """ #???????# T # ^^""" ?""" ??????????????? | | # "Y" ######### # ???????????????? | | # # ##!*=# ???????????????? | | # # """ ##!*=# """ """? ? ???????????? | | # """ # """ ##!==# """ """ +??????????? | | # """ # """ ## # % """ ^""" #??????????? | | # """ = # ###;#;k #??????????? | | #####+##### """ # kr ?????????? | | #### """ +% g ?????????? | | #### + """ # % r ?????????? | | ???# #### ##""#" #######+###??????????? | | ???# #??# """ ## ##gg ##????????????????????? | | ???# #??# """ ## "## g #?????????????????????? | | ???# #??# """ ## T## @ #?????????????????????? | | ??## ##?# ## "## #?????????????????????? | | ??# #?######### ## ####??????????????????? | | ??# #?????????# # "#??????????????????? | | ??# < #?????????# # ""#??????????????????? | | ??# #?????????##### ||#??????????????????? | | ??# #?????????????# < ""#??????????????????? | | #### ##########?????# u !!#??????????????????? | | ## # #?????# ""#??????????????????? | | ## # #?????# "#??????????????????? | | ## + #?????## ####??????????????????? | | ## # #??????# #?????????????????????? | | ## ##########??????+ ?????????????????????? | | ## ##??????????????# k ?????????????????????? | | ### #??????????????# ?????????????????????? | | #??????????????# #?????????????????????? | | T #??????????????# #?????????????????????? | | #??????????????# #?????????????????????? | | ### #??????????????? ??????????????????????? | | #########??????????????? ??????????????????????? | | #??????????????????? ??????????????????????? | | #????????????????????????????????????????????? | | #????????????????????????????????????????????? | | #????????????????????????????????????????????? | | #????????????????????????????????????????????? | +----------------------------------------------------+ Best States ------------- Heat Dissipation 35 Energy Generation 10 Energy Capacity 125 Matter Stores 300 Matter Capacity 300 Sight Range 16 Robot Scan Range 14 Terrain Scan Density 10 Armor Coverage 150 Evasion (%) 55 Item Schematics ----------------- None Robot Schematics ------------------ None Fabricated ------------ Nothing Alien Tech Used ----------------- None Achievements -------------- Shopping List Challenges ------------ None Game ------ Seed TractorScrapMicrothruster Manual? 0 Play Time 00:27:17 Cumulative 2.0 hours Start 2024.04.01 @ 23:52:33 End 2024.04.02 @ 00:45:55 Sessions 1 Manual Loads 0 Difficulty Rogue Special Mode None Game No. 2 Rogue 2 Adventurer 0 Explorer 0 Win Type - Total 0 Types 0/0/0/0/0/0/0/0/0 Lore% 2 Gallery% 4 Achievement% 4 Wizard Run 0 Options --------- Layout 1 ASCII 0 Keyboard 0 Movement Mouse Keybinds 0 Fullscreen 1 Font 48/Smallcaps Map View 50x35 Zoom Use 0% Tactical HUD 1 Map Filters NONE Filters NONE Steam 1 RUN: 5f962bdb-c853-470c-90d7-04114babb2db